cohdb
Replays
Latest Replays
All Replays
Popular Replays
Top Player Replays
Match Explorer
How It Works
Community
CoH3 Stats
Reddit
Sign in to upload your games and track your stats! →
Sign in with Steam
Match 42491933
Unlisted
Match 42491933
Overview
Messages
Build Orders
End
Selects Australian Defense Battlegroup
Selects Australian Light Infantry Section
Australian Light Infantry Section
Australian Light Infantry Section
Australian Light Infantry Section
Construct Section Command Post
Construct Platoon Command Post
Selects Defensive Tactics
CMP 15cwt Truck
Unlock M3 Stuart Light Tanks
6-pounder Anti-tank Gun Team
Selects CMP 15cwt Supply Run
CMP 15cwt Supply Run
M3 Stuart Light Tank
Royal Engineer Section
Infantry Training
Team Weapon Training
Selects Vehicle Over Repair
ML 3-inch Mortar Team
Tomlin
SteveMcQueef
Nemesis Zero
Zappa
XDAY- LE MALADE MENTAL
simranjitsingh713
0
0
Comments
sign in to comment!
No comments posted yet!